Map: New Repugnancy LE

Players

HolyHit

  • Race: Protoss Protoss
  • Spawn Location: 1:00

Clem - Winner!

  • Race: Terran Terran
  • Spawn Location: 7:00

Event: 2019 WCS Spring

VOD

Have the link to the VOD?

Description

Time

  • Played on: May 17, 2019, 10:20 a.m.
  • Length: 9:05

All games in this series

Show
View Real Time Build Order
Export as new Build Order

HolyHit Protoss 

Build Orders: 1 Gate Expand, Blink Stalkers 

Get SALT Encoding   

  12  0:01  Probe  
  13  0:13  Probe  
  14  0:17  Pylon  
  14  0:24  Probe  
  15  0:32  Probe  
  15  0:37  Gateway  
  15  0:40  Probe  
  16  0:46  Assimilator  
  17  0:51  Probe  
  18  1:03  Probe  
  19  1:15  Probe  
  20  1:23  Nexus  
  20  1:33  Cybernetics Core  
  20  1:35  Probe  
  21  1:40  Assimilator  
  21  1:48  Probe  
  21  1:53  Pylon  
  22  1:58  Probe  
  23  2:01  Adept  
  23  2:07  Probe  
  23  2:15  Probe  
  26  2:16  Warp Gate  
  27  2:23  Twilight Council  
  27  2:27  Probe  
  28  2:32  Stalker  
  28  2:33  Probe  
  31  2:39  Probe  
  31  2:41  Probe  
  31  2:50  Probe  
  31  2:51  Probe  
  33  3:01  Probe  
  33  3:03  Probe  
  34  3:07  Blink  
  34  3:09  Probe  
  34  3:13  Stalker  
  34  3:15  Probe  
  34  3:17  Probe  
  39  3:28  Probe x2  
  39  3:40  Probe  
  39  3:41  Probe  
  38  3:49  Probe  
  38  3:50  Gateway  
  38  3:52  Probe, Gateway  
  40  3:57  Probe  
  40  4:00  Robotics Facility  
  41  4:04  Probe  
  41  4:06  Stalker  
  41  4:08  Probe  
  45  4:15  Pylon  
  45  4:16  Probe  
  46  4:33  Probe x2  
  46  4:34  Stalker  
  47  4:45  Stalker, Probe  
  47  4:46  Observer, Probe  
  49  4:52  Stalker  
  49  4:57  Pylon  
  49  4:58  Probe  
  53  5:02  Stalker, Pylon  
  54  5:13  Observer  
  54  5:15  Stalker  
  54  5:16  Stalker  
  54  5:17  Probe  
  54  5:19  Probe  
  58  5:30  Probe  
  58  5:32  Stalker  
  62  5:41  Stalker  
  63  5:43  Nexus  
  61  5:58  Probe  
  61  5:59  Stalker x2  
  61  6:00  Probe  
  59  6:06  Probe  
  59  6:08  Probe  
  60  6:15  Forge  
  60  6:17  Forge  
  49  6:25  Probe  
  49  6:32  Charge, Probe  
  51  6:36  Assimilator  
  51  6:37  Pylon  
  51  6:39  Stalker  
  53  6:40  Gateway  
  53  6:43  Probe  
  53  6:46  Probe  
  53  6:49  Observer, Protoss Ground Weapons Level 1  
  54  6:54  Probe  
  54  6:55  Probe  
  54  7:00  Gateway  
  56  7:03  Probe  
  56  7:07  Probe  
  58  7:13  Probe  
  59  7:15  Probe  
  59  7:20  Probe, Gateway  
  59  7:22  Gateway  
  61  7:26  Pylon  
  61  7:28  Stalker  
  63  7:31  Probe  
  64  7:40  Probe  
  64  7:41  Probe  
  64  7:42  Probe  
  59  7:45  Stalker  
  59  7:46  Stalker x2  
  59  7:49  Probe, Gateway  
  65  7:55  Probe  
  65  7:56  Pylon  
  65  7:57  Stalker  
  68  8:05  Probe x2  
  70  8:15  Zealot x5  
  80  8:23  Zealot x2  
  84  8:35  Zealot x2  
  84  8:36  Zealot  
  84  8:39  Pylon  
  84  8:41  Pylon  
  90  8:48  Zealot x4  
  76  8:55  Zealot x2  
Show
View Real Time Build Order
Export as new Build Order

Clem Terran - Winner!

Build Orders:  

Get SALT Encoding   

  12  0:00  SCV  
  13  0:13  SCV  
  14  0:17  Supply Depot  
  14  0:25  SCV  
  14  0:27  Refinery  
  15  0:38  SCV  
  16  0:44  Barracks  
  16  0:50  SCV  
  17  1:03  SCV  
  18  1:15  SCV  
  19  1:32  Reaper, Orbital Command  
  20  1:44  Command Center  
  20  1:55  Factory  
  20  1:59  SCV  
  21  2:09  Barracks Reactor  
  21  2:12  SCV  
  21  2:15  Supply Depot  
  22  2:22  Refinery  
  22  2:24  SCV  
  23  2:36  SCV  
  24  2:44  Starport  
  24  2:48  SCV, Hellion  
  24  2:49  Hellion  
  29  2:56  Barracks Tech Lab  
  29  3:00  Orbital Command  
  29  3:02  SCV  
  30  3:11  Widow Mine x2  
  34  3:15  SCV  
  35  3:20  Medivac  
  35  3:22  Marine  
  39  3:27  SCV  
  39  3:33  Widow Mine x2  
  43  3:35  SCV  
  43  3:39  SCV  
  44  3:48  SCV, Supply Depot  
  41  3:51  SCV  
  42  3:59  Starport Tech Lab  
  42  4:00  SCV  
  42  4:02  Marine x2  
  45  4:03  SCV  
  45  4:04  Bunker  
  45  4:07  Supply Depot  
  46  4:10  Siege Tank  
  46  4:12  SCV  
  46  4:15  SCV  
  51  4:19  Marine  
  51  4:20  Marine  
  53  4:24  SCV  
  53  4:27  SCV  
  53  4:34  Raven  
  53  4:36  SCV  
  53  4:37  Marine x2  
  53  4:38  Supply Depot  
  57  4:39  SCV  
  56  4:48  SCV  
  56  4:51  SCV  
  54  4:53  Command Center  
  54  4:57  Siege Tank  
  54  4:58  Marine  
  58  5:00  Marine  
  58  5:05  Supply Depot  
  59  5:07  SCV x2  
  61  5:16  Barracks  
  61  5:19  Marine x2, Barracks  
  63  5:23  Viking  
  65  5:31  Siege Tank  
  65  5:33  SCV x2  
  70  5:39  Supply Depot  
  70  5:40  Bunker  
  70  5:42  Marine x2  
  72  5:45  SCV  
  73  5:51  Engineering Bay  
  72  5:58  SCV  
  72  5:59  Engineering Bay, Refinery  
  72  6:00  Marine, Refinery  
  74  6:07  Barracks Tech Lab  
  74  6:08  Starport Reactor  
  74  6:10  Siege Tank  
  76  6:12  Marine  
  76  6:15  SCV  
  76  6:17  Marine  
  79  6:21  Supply Depot  
  76  6:27  Stimpack  
  76  6:28  Barracks Tech Lab  
  76  6:30  Marauder, Marine  
  75  6:35  Marine  
  75  6:39  Orbital Command  
  76  6:44  Siege Tank  
  76  6:45  SCV  
  80  6:48  Marine  
  80  6:49  Marauder  
  80  6:51  Supply Depot  
  80  6:53  Marauder, Marine  
  86  6:54  Terran Infantry Weapons Level 1  
  86  6:57  SCV x2  
  88  7:03  Supply Depot  
  88  7:04  Terran Infantry Armor Level 1  
  88  7:05  SCV  
  88  7:06  Marine  
  88  7:09  SCV  
  88  7:10  SCV  
  88  7:12  Marauder  
  91  7:15  Marine  
  91  7:18  Medivac  
  91  7:19  SCV  
  91  7:22  Supply Depot  
  94  7:24  Widow Mine  
  94  7:27  Marine, Supply Depot  
  94  7:29  Marauder  
  99  7:31  Medivac  
  99  7:32  SCV  
  99  7:33  SCV, Marine  
  99  7:34  Marauder  
  104  7:45  Orbital Command  
  104  7:49  Marine  
  104  7:50  Marauder, Supply Depot  
  107  7:52  Supply Depot  
  107  7:57  Barracks  
  107  7:58  Barracks  
  107  7:59  Factory Reactor, Marine  
  107  8:00  Marauder  
  107  8:02  SCV x2  
  112  8:08  Supply Depot  
  112  8:09  Marine  
  111  8:13  Marauder  
  111  8:16  Medivac  
  111  8:18  Medivac  
  117  8:20  Marine  
  117  8:22  SCV  
  117  8:25  SCV x2  
  119  8:28  Marine  
  120  8:39  SCV x2  
  118  8:49  SCV  
  118  8:50  Factory Reactor  
  118  8:51  SCV  
Tags
 
Add a new tag
Caveats
  • Supply blocks, unpowered buildings, or Contaminate may cause inaccurate times.
  • Supply counts are checked every 10 seconds.